Map: Eastwatch LE

Players

Shino

  • Race: Zerg Zerg
  • League: Grandmaster
  • Spawn Location: 1:00

demuLarva - Winner!

  • Race: Terran Terran
  • League: Grandmaster
  • Spawn Location: 7:00

VOD

Have the link to the VOD?

Description

Time

  • Played on: May 8, 2018, noon
  • Length: 12:52
Show
View Real Time Build Order
Export as new Build Order

Shino Zerg 

Build Orders: Hatch First 

Get SALT Encoding   

  12  0:04  Drone  
  13  0:13  Overlord  
  13  0:17  Drone  
  14  0:31  Drone x2  
  16  0:37  Drone  
  17  0:52  Hatchery  
  17  0:55  Drone  
  17  1:00  Drone  
  18  1:09  Extractor  
  17  1:15  Spawning Pool  
  17  1:17  Drone  
  17  1:21  Drone  
  18  1:31  Drone  
  19  1:41  Overlord  
  19  1:52  Drone  
  20  2:01  Queen  
  20  2:04  Queen  
  20  2:05  Zergling x4  
  26  2:10  Metabolic Boost  
  26  2:14  Drone  
  27  2:17  Drone  
  28  2:34  Hatchery  
  27  2:37  Drone  
  27  2:49  Drone, Queen  
  27  2:50  Drone  
  31  2:52  Drone  
  32  3:04  Overlord  
  32  3:06  Drone x2  
  32  3:07  Drone  
  35  3:19  Overlord  
  35  3:22  Drone  
  35  3:23  Drone  
  35  3:24  Drone x3  
  40  3:27  Queen  
  40  3:31  Overlord  
  42  3:34  Drone  
  42  3:40  Drone  
  44  3:44  Drone  
  44  3:46  Drone  
  46  3:50  Queen  
  48  3:56  Drone x2  
  48  3:59  Overlord  
  48  4:00  Baneling Nest  
  49  4:05  Zergling x10  
  49  4:07  Overlord  
  54  4:16  Drone x3  
  56  4:18  Drone  
  56  4:20  Drone  
  56  4:23  Drone x3  
  61  4:25  Lair  
  61  4:32  Queen  
  61  4:36  Drone x4  
  67  4:39  Overlord  
  67  4:41  Zergling x2  
  67  4:42  Drone  
  70  4:45  Drone  
  70  4:46  Drone  
  70  4:48  Spore Crawler  
  70  4:50  Spore Crawler  
  69  4:53  Spore Crawler  
  67  5:01  Zergling x2  
  67  5:02  Zergling x4  
  67  5:03  Drone x4  
  67  5:06  Drone  
  67  5:07  Drone x2  
  77  5:09  Drone  
  77  5:10  Drone  
  78  5:19  Overlord  
  78  5:20  Drone x2  
  77  5:29  Extractor  
  77  5:30  Extractor  
  77  5:32  Evolution Chamber x2, Drone x3  
  76  5:36  Zergling x2  
  76  5:39  Overseer  
  77  5:45  Zergling x6  
  77  5:46  Zergling x10  
  83  6:00  Zerg Melee Weapons Level 1, Extractor  
  83  6:01  Zerg Ground Armor Level 1  
  82  6:05  Overlord  
  82  6:06  Drone x2  
  82  6:07  Drone x3  
  82  6:11  Extractor  
  84  6:15  Hatchery  
  84  6:17  Drone  
  84  6:18  Drone x6  
  84  6:24  Zergling x4  
  84  6:25  Zergling x6  
  81  6:31  Zergling x4  
  82  6:40  Centrifical Hooks  
  82  6:41  Extractor  
  82  6:43  Drone  
  82  6:46  Drone x3  
  85  6:48  Zergling x8, Hatchery  
  85  6:51  Zergling x2  
  89  6:55  Zergling x2  
  89  6:58  Zergling x2  
  89  7:00  Zergling x2  
  92  7:06  Zergling x4  
  92  7:07  Zergling x2  
  92  7:08  Baneling x8  
  95  7:09  Zergling x2, Baneling  
  95  7:10  Zergling x2  
  95  7:11  Overlord x2  
  95  7:12  Overlord  
  95  7:14  Overseer  
  97  7:30  Zergling x2  
  97  7:31  Zergling x14, Infestation Pit  
  97  7:33  Zergling x8  
  97  7:36  Zergling x2  
  108  7:40  Zergling x6  
  108  7:41  Zergling x2  
  112  7:50  Zergling x2  
  112  7:51  Zergling x12  
  110  8:05  Zergling x8  
  107  8:06  Zergling x8  
  107  8:08  Hive  
  107  8:09  Spire  
  107  8:10  Drone x3, Extractor  
  107  8:11  Queen  
  112  8:22  Drone x10  
  119  8:28  Zerg Melee Weapons Level 2, Zerg Ground Armor Level 2  
  118  8:37  Zergling x2  
  118  8:38  Zergling x20  
  125  8:43  Zergling x8  
  125  8:47  Baneling  
  125  8:48  Baneling x6  
  129  8:57  Queen  
  129  9:03  Zergling x8  
  129  9:05  Baneling  
  129  9:06  Baneling x12  
  130  9:11  Overlord  
  130  9:12  Overlord x4  
  130  9:30  Zergling x14  
  130  9:31  Zergling x22  
  148  9:34  Ultralisk Cavern  
  148  9:38  Zergling x4  
  149  9:41  Zergling x10  
  154  9:49  Adrenal Glands  
  154  9:50  Baneling x3  
  154  9:51  Baneling x15  
  154  9:53  Baneling  
  154  9:54  Baneling x6  
  154  10:02  Zergling x24  
  163  10:20  Chitinous Plating  
  163  10:23  Drone x9, Extractor  
  163  10:24  Extractor  
  170  10:32  Zergling x8, Ultralisk  
  170  10:33  Zergling x8  
  170  10:34  Overlord x2  
  170  10:35  Overlord  
  173  10:41  Baneling x6  
  168  10:50  Ultralisk  
  168  10:53  Baneling x6  
  164  11:01  Zergling x2  
  164  11:02  Zergling x30  
  126  11:16  Ultralisk x2  
  131  11:22  Baneling x9  
  126  11:26  Ultralisk  
  122  11:36  Zergling x2  
  122  11:37  Zergling x14  
  104  12:05  Zergling x2  
  104  12:06  Zergling x20  
  109  12:21  Zergling x2  
  109  12:22  Zergling x6  
  112  12:26  Baneling x9  
  112  12:27  Zergling x2  
  112  12:29  Zergling x4  
  111  12:33  Zergling x2  
Show
View Real Time Build Order
Export as new Build Order

demuLarva Terran - Winner!

Build Orders: Reaper Expand, Hellion Banshee, MMM Bio 

Get SALT Encoding   

  12  0:01  SCV  
  13  0:13  SCV  
  14  0:17  Supply Depot  
  14  0:25  SCV  
  15  0:38  SCV  
  15  0:40  Barracks  
  16  0:44  Refinery  
  16  0:51  SCV  
  17  1:03  SCV  
  18  1:15  SCV  
  19  1:29  Reaper, Orbital Command  
  20  1:40  Command Center  
  20  1:49  Supply Depot  
  20  1:55  SCV  
  21  2:01  Marine  
  21  2:07  SCV  
  23  2:13  Factory  
  23  2:17  Refinery  
  23  2:19  SCV  
  23  2:22  Barracks Reactor  
  24  2:31  SCV  
  25  2:43  SCV  
  26  2:53  Orbital Command  
  26  2:55  SCV  
  27  2:58  Starport  
  27  3:04  Hellion x2  
  27  3:05  Barracks Tech Lab  
  31  3:08  SCV  
  32  3:15  Supply Depot  
  32  3:19  SCV  
  33  3:20  SCV  
  33  3:25  Hellion x2  
  38  3:31  SCV  
  38  3:32  SCV  
  40  3:40  Banshee  
  40  3:41  Cloaking Field  
  43  3:43  SCV  
  43  3:44  SCV  
  43  3:45  Supply Depot  
  45  3:55  SCV, Hellion x2  
  49  3:56  SCV  
  49  4:01  Barracks Tech Lab  
  51  4:08  SCV x2  
  53  4:10  Supply Depot  
  53  4:20  SCV x2  
  55  4:25  Command Center  
  55  4:27  Banshee  
  55  4:30  Factory Reactor  
  55  4:31  Stimpack  
  58  4:32  SCV  
  58  4:34  SCV  
  60  4:42  Barracks  
  60  4:44  SCV  
  61  4:46  Barracks  
  61  4:49  SCV  
  62  4:53  Marine  
  62  4:56  SCV  
  64  5:04  Engineering Bay x2  
  64  5:05  SCV  
  65  5:08  SCV  
  65  5:09  Refinery  
  65  5:10  Refinery  
  65  5:11  Marine  
  65  5:19  SCV  
  65  5:20  SCV  
  67  5:29  Marine  
  67  5:31  SCV  
  67  5:33  SCV, Terran Infantry Weapons Level 1, Terran Infantry Armor Level 1  
  70  5:39  Orbital Command  
  70  5:43  SCV  
  70  5:44  Marine x2  
  70  5:45  Starport Reactor  
  70  5:48  Marine x3  
  76  5:51  SCV  
  76  5:54  Supply Depot  
  76  5:55  SCV  
  78  5:59  Siege Tank  
  78  6:03  SCV  
  78  6:04  Supply Depot x2  
  82  6:06  Supply Depot, Orbital Command  
  82  6:07  SCV  
  83  6:15  SCV  
  80  6:19  SCV  
  80  6:22  Marine x2  
  80  6:24  Marine x3  
  79  6:26  Medivac x2  
  79  6:27  SCV  
  79  6:31  SCV, Siege Tank  
  88  6:39  SCV x2  
  90  6:40  Marine x2  
  90  6:41  Marine  
  90  6:42  Marine x2  
  90  6:43  SCV, Supply Depot  
  90  6:44  Supply Depot  
  90  6:45  Combat Shields  
  96  6:51  SCV x2, Armory  
  98  6:55  SCV  
  98  6:58  Marine x2, Medivac x2  
  98  6:59  Marine x2  
  107  7:03  SCV, Siege Tank  
  107  7:05  Marine  
  107  7:06  Supply Depot  
  112  7:11  SCV x2  
  114  7:15  SCV  
  114  7:16  Marine x2  
  114  7:17  Marine, Refinery x2  
  114  7:20  Marine, Barracks x2  
  119  7:23  Marine  
  120  7:32  Medivac x2  
  120  7:34  Marine x2  
  120  7:35  Marine, Siege Tank  
  130  7:38  Marine  
  130  7:41  Marine  
  130  7:42  Terran Infantry Weapons Level 2  
  130  7:43  SCV  
  133  7:49  Barracks  
  133  7:51  Marine x2, Barracks  
  133  7:52  Barracks  
  133  7:53  Marine, Terran Infantry Armor Level 2  
  133  7:56  Marine  
  136  7:59  Marine  
  134  8:08  Barracks Reactor, Concussive Shells  
  134  8:09  Marine x2, Barracks Reactor  
  134  8:10  Marine  
  134  8:12  Supply Depot  
  137  8:13  Marine  
  137  8:14  Supply Depot  
  137  8:15  Terran Vehicle Weapons Level 1  
  137  8:17  Marine  
  135  8:29  SCV  
  136  8:41  Marine x4  
  130  8:42  Barracks Tech Lab x3  
  130  8:44  SCV x2  
  130  8:45  SCV  
  135  8:49  Marine x3, Marauder  
  135  8:50  Marine  
  135  8:52  Medivac x2, Siege Tank  
  145  8:56  Command Center  
  145  9:01  Marine x2, Sensor Tower  
  145  9:02  Marauder  
  149  9:08  Supply Depot  
  149  9:09  Supply Depot  
  141  9:11  Marine, Marauder  
  141  9:14  Marine  
  141  9:15  Marauder  
  147  9:20  Marine  
  147  9:21  Marine x5, Marauder  
  147  9:23  Medivac  
  157  9:30  Marine, Siege Tank, Marauder  
  163  9:32  Supply Depot  
  163  9:36  Medivac  
  163  9:37  Marine, Marauder, Bunker  
  168  9:38  Marine  
  168  9:39  Marauder  
  168  9:42  Supply Depot  
  168  9:43  Supply Depot  
  173  9:46  Marauder  
  173  9:53  Marine x4  
  173  9:54  Marauder  
  179  10:03  Marine x2  
  179  10:04  Marauder  
  179  10:05  Marine  
  179  10:06  Marauder  
  186  10:09  Marine, Marauder  
  186  10:11  Terran Infantry Weapons Level 3, Terran Infantry Armor Level 3  
  189  10:14  Siege Tank  
  189  10:20  Marine  
  189  10:21  Marauder  
  195  10:22  Factory  
  195  10:23  Marine  
  195  10:25  Marauder  
  195  10:28  Marauder  
  200  10:33  Marauder  
  200  10:42  Ghost Academy  
  200  10:43  Planetary Fortress  
  191  10:58  Marine, Marauder  
  191  10:59  Marine x2  
  191  11:00  Marine x2, Marauder  
  197  11:07  Marine, Marauder  
  197  11:08  Marine x2  
  197  11:09  Marauder  
  158  11:13  Medivac x2, Siege Tank  
  158  11:15  Marine  
  158  11:17  Marine x3  
  158  11:18  SCV, Refinery  
  166  11:19  Refinery  
  166  11:20  Marauder  
  166  11:21  Marine, Marauder  
  169  11:28  Marine  
  169  11:29  Marauder  
  169  11:30  Marine, Marauder  
  166  11:34  SCV x2  
  166  11:36  Marine  
  166  11:37  Marine  
  167  11:40  Factory Tech Lab  
  167  11:41  Marauder  
  167  11:43  Medivac, Marauder  
  167  11:45  Siege Tank  
  176  11:47  Marine x2  
  176  11:50  Marauder  
  176  11:53  Marine, Marauder  
  177  11:57  Marine x4  
  177  11:59  Siege Tank  
  178  12:02  Marauder  
  178  12:04  Marauder  
  178  12:11  Marine  
  178  12:12  Medivac, Marauder  
  178  12:13  Medivac  
  182  12:17  Siege Tank  
  185  12:28  Marine  
  185  12:29  Marauder  
  187  12:33  Marine  
  192  12:39  Command Center  
Tags
 
Add a new tag
Caveats
  • Supply blocks, unpowered buildings, or Contaminate may cause inaccurate times.
  • Supply counts are checked every 10 seconds.